 Dungeon Crawl Stone Soup version 0.22.1-2-g9c5b331 (webtiles) character file.

13 shakethe the Insei (level 2, -3/29 HPs)
             Began as a Gnoll Wanderer on Nov 20, 2018.
             Slain by a gnoll
             ... wielding a +0 halberd
              (7 damage)
             ... on level 1 of the Dungeon.
             The game lasted 00:01:03 (501 turns).

shakethe the Insei (Gnoll Wanderer)                  Turns: 501, Time: 00:01:03

Health: -3/29      AC:  5    Str: 14    XL:     2   Next: 37%
Magic:  2/2        EV: 10    Int: 14    God:
Gold:   31         SH:  0    Dex: 14    Spells: 1/1 levels left

rFire    . . .     SeeInvis .   f - +0 club
rCold    . . .     Gourm    .   (no shield)
rNeg     . . .     Faith    .   k - +0 ring mail
rPois    .         Spirit   .   (no helmet)
rElec    .         Reflect  .   (no cloak)
rCorr    .         Harm     .   (no gloves)
MR       .....                  (no boots)
Stlth    +.........             (no amulet)
HPRegen  0.09/turn              (no ring)
MPRegen  0.08/turn              (no ring)

@: no status effects
A: distributed training, fangs 1, strong nose
a: no special abilities


You were on level 1 of the Dungeon.
You were not hungry.

You visited 1 branch of the dungeon, and saw 1 of its levels.

You collected 31 gold pieces.

Inventory:

Hand Weapons
 f - a +0 club (weapon)
Armour
 k - a +0 ring mail (worn)
Scrolls
 a - a scroll of fear
 b - a scroll of blinking
 h - 3 scrolls of identify {unknown}
Potions
 d - a potion of curing
 i - a potion of berserk rage {unknown}
 j - a potion of mutation {unknown}
Comestibles
 g - 2 rations


   Skills:
 + Level 6.4 Fighting
 + Level 0.3 Short Blades
 + Level 0.3 Long Blades
 + Level 0.3 Axes
 + Level 0.3 Maces & Flails
 + Level 0.3 Polearms
 + Level 0.3 Staves
 + Level 0.3 Slings
 + Level 0.3 Bows
 + Level 2.4 Crossbows
 + Level 2.4 Throwing
 + Level 2.4 Armour
 + Level 0.3 Dodging
 + Level 2.2 Stealth
 + Level 0.3 Shields
 + Level 6.4 Unarmed Combat
 + Level 0.3 Spellcasting
 + Level 0.2 Conjurations
 + Level 0.2 Hexes
 + Level 0.2 Charms
 + Level 0.2 Summonings
 + Level 0.2 Necromancy
 + Level 0.2 Translocations
 + Level 0.2 Transmutations
 + Level 0.2 Fire Magic
 + Level 0.2 Ice Magic
 + Level 0.2 Air Magic
 + Level 0.2 Earth Magic
 + Level 0.2 Poison Magic
 + Level 0.4 Invocations
 + Level 0.3 Evocations


You had one spell level left.
You didn't know any spells.
Your spell library was empty.

Dungeon Overview and Level Annotations

Branches:
Dungeon (1/15)

Altars:


Innate Abilities, Weirdness & Mutations

Your experience applies equally to all skills.
You have very sharp teeth.
Your uncanny sense of smell can sniff out nearby items.


Message History

The gnoll hits you from afar with a halberd.
* * * LOW HITPOINT WARNING * * *
The gnoll hits you but does no damage. The gnoll hits you but does no damage.
The gnoll hits you but does no damage. The gnoll hits you but does no damage.
The gnoll hits you but does no damage. The gnoll hits you but does no damage.
The gnoll hits you but does no damage.
Your transformation is almost over.
The gnoll hits you but does no damage. The gnoll hits you but does no damage.
The gnoll completely misses you. The gnoll hits you but does no damage.
The gnoll hits you but does no damage. The gnoll hits you but does no damage.
You feel less wooden.
Your +0 ring mail unmelds from your body.
The gnoll hits you from afar with a halberd!
You die...

.......# #.....[.....##...#....
.......#############...##...#....
..................†....'....#...(
.......#############...##...+....
.......#######....##...##...#....
##..........##....##...##...#####
.#..........##....#######........
.#†.........##....#######........
..............g.@)'..............
.####.......##...)#######........
.# #.......##....# ####..### .#
##########....#### ##.## .#
#..........# #...# .#
#..........# #...# .#
#..........# #...## ##
#..........# #....# ############
#....#


You could see a gnoll.

Vanquished Creatures
  A goblin (D:1)
  2 hobgoblins (D:1)
  3 jackals (D:1)
  A bat (D:1)
  6 rats (D:1)
13 creatures vanquished.

Notes
Turn   | Place    | Note
-------+----------+-------------------------------------------
     0 | D:1      | shakethe the Gnoll Wanderer began the quest for the Orb.
     0 | D:1      | shakethe set off with: a scroll of fear, a scroll of
                  | blinking, a potion of lignification, a potion of curing, a
                  | +0 robe, a +0 club, a ration
     0 | D:1      | Reached XP level 1. HP: 23/23 MP: 1/1
   226 | D:1      | Reached XP level 2. HP: 26/29 MP: 2/2
   453 | D:1      | HP: 1/29 [gnoll/halberd (8)]
   501 | D:1      | Slain by a gnoll

Action                   || total
-------------------------++-------
Melee: Club              ||    54
       Bite              ||     5
       Punch             ||     2
  Use: Potion            ||     1
 Stab: Sleeping          ||     2
Armor: Robe              ||     8
       Skin              ||    17
       Ring mail         ||     4
Dodge: Dodged            ||    35
